 Dungeon Crawl Stone Soup version 0.31.0-32-g396128a36d (webtiles) character file.

Game seed: 6333332532608361310

3084 TacoSundae the Grappler (level 9, 0/45 HPs)
             Began as a Vine Stalker Shapeshifter on Apr 4, 2024.
             Was a Follower of Makhleb.
             Killed from afar by a steam dragon (16 damage)
             ... with a ball of steam
             ... on level 8 of the Dungeon.
             The game lasted 00:18:19 (5430 turns).

TacoSundae the Grappler (Vine Stalker Shapeshifter) Turns: 5430, Time: 00:18:22

Health: 0/45       AC:  3    Str: 18    XL:     9   Next: 89%
Magic:  0/10       EV: 18    Int: 10    God:    Makhleb [*.....]
Gold:   365        SH:  0    Dex: 17    Spells: 8/8 levels left

rFire   . .          .
                       - Unarmed
rCold   . . .        (shield currently unavailable)
rNeg    . . .        h - melded +0 leather armour
rPois   .            (no helmet)
rElec   .            r - +1 cloak
rCorr   .            (no gloves)
SInv    +            s - +0 pair of boots
Will    +....        y - amulet of magic regeneration
Stlth   +            o - ring of see invisible
HPRegen 1.07/turn    (no ring)
MPRegen 0.52/turn

%: guardian spirit
@: flux-form, glowing
A: glow, contaminating, fangs 3, regeneration 1, magic shield, antimagic bite,
no potion heal 2
a: Begin Untransformation, Renounce Religion


You were on level 8 of the Dungeon.
You worshipped Makhleb.
Makhleb was aware of your devotion.
You were something dangerously unstable.
You visited 2 branches of the dungeon, and saw 9 of its levels.

You collected 409 gold pieces.
You spent 44 gold pieces at shops.

Inventory:

Hand Weapons
 g - a +3 dagger of draining
 i - a +4 dagger of draining
Armour
 h - a +0 leather armour (melded)
 r - a +1 cloak (worn)
 s - a +0 pair of boots (worn)
 w - a +2 robe of fire resistance
Magical Staves
 v - a staff of alchemy
Jewellery
 o - a ring of see invisible (left hand)
 x - a ring of ice
 y - an amulet of magic regeneration (around neck)
 z - a +6 ring of intelligence
Talismans
 c - a beast talisman
 d - a flux talisman (active)
Wands
 l - a wand of mindburst (14)
 p - a wand of polymorph (13)
Scrolls
 e - a scroll of enchant weapon
 j - 4 scrolls of identify
 m - 3 scrolls of amnesia
 q - a scroll of immolation
Potions
 a - 6 potions of curing
 b - 2 potions of lignification
 f - 5 potions of mutation
 k - a potion of ambrosia
 n - a potion of cancellation
 t - a potion of resistance
 u - 2 potions of brilliance


   Skills:
 + Level 4.0 Fighting
 + Level 3.9 Dodging
 * Level 9.2 Unarmed Combat
 + Level 8.1 Shapeshifting


You had 8 spell levels left.
You didn't know any spells.
Your spell library contained the following spells:

 Spells                   Type           Power      Damage    Failure   Level
 Blink                    Tloc           0%         N/A       50%         2
 Jinxbite                 Hex            0%         N/A       50%         2
 Lesser Beckoning         Tloc           0%         N/A       50%         2
 Momentum Strike          Conj/Tloc      0%         3d8       50%         2
 Dazzling Flash           Conj/Hex       0%         N/A       75%         3
 Gell's Gravitas          Tloc           0%         N/A       75%         3
 Teleport Other           Tloc           0%         N/A       75%         3
 Volatile Blastmotes      Fire/Tloc      0%         2d10      75%         3
 Olgreb's Toxic Radiance  Alch           0%         N/A       98%         4
 Yara's Violent Unravell  Hex/Alch       0%         3d3       100%        5
 Starburst                Conj/Fire      0%         6d3       100%        6
 Enfeeble                 Hex            0%         N/A       100%        7
 Ozocubu's Refrigeration  Ice            0%         4d7       100%        7
 Discord                  Hex            0%         N/A       100%        8
 Maxwell's Capacitive Co  Air            0%         ∞         100%        8


Dungeon Overview and Level Annotations

Branches:
Dungeon (8/15)             Temple (1/1) D:4            Lair (0/5) D:8

Altars:
Ashenzari
Cheibriados
Dithmenos
Fedhas
Gozag
Hepliaklqana
Kikubaaqudgha
Makhleb
Nemelex Xobeh
Okawaru
Qazlal
Ru
Sif Muna
Trog
Vehumet
Wu Jian
Xom
Yredelemnul

Shops:
D:2 ?


Innate Abilities, Weirdness & Mutations

You are something dangerously unstable.
You glow with magical radiation, making you easy to see and hit.
Foes you strike become dangerously contaminated with magical radiation.
You are incapable of wielding weapons or throwing items.
You have razor-sharp teeth.
Your natural rate of healing is unusually fast.
When hurt, damage is shared between your health and your magic reserves.
Your bite disrupts and absorbs the magic of your enemies.
Potions cannot restore your health.


Message History

Moving in this stuff is going to be slow.
Done exploring.
Done exploring.
There is a stone staircase leading down here.
You climb downwards.
There is a stone staircase leading up here.
You hit the bullfrog.
The bullfrog begins to glow.
You bite the bullfrog. You drain its power.
The bullfrog is moderately wounded.
The bullfrog misses you.
You hit the bullfrog but do no damage.
The bullfrog glows dangerously bright.
The bullfrog is moderately wounded.
The bullfrog hits you.
You punch the bullfrog!
The bullfrog shudders as magic cascades through it!!
You kill the bullfrog!
Makhleb accepts your kill.
Your Fighting skill increases to level 4!
No target in view!
Found a stone staircase leading down.
A steam dragon comes into view.
The steam dragon hisses angrily.
Found a staircase to the Lair.
Found 13 gold pieces.
The steam dragon breathes steam at you. The ball of steam hits you!!
You are engulfed in a cloud of scalding steam.
You punch the steam dragon!
The steam dragon begins to glow.
You bite the steam dragon, but do no damage.
The steam dragon is moderately wounded.
You are engulfed in a cloud of scalding steam.
The steam dragon barely misses you. The steam dragon misses you.
You hit the steam dragon.
The steam dragon glows dangerously bright.
You bite the steam dragon, but do no damage.
The steam dragon is heavily wounded.
You are engulfed in a cloud of scalding steam.
The steam dragon breathes steam at you. The ball of steam hits you!!
You die...

## #. #.# #... #...
#..#### #
########.§§$#.#####
#........§#p§......
#.........##D......
#..................
#...........###....
#........#...≈...#.
#..>....#..#...#..#
#.......#.##PPP# #
##.####.#.. .P.. ..
#.<.#≈.. >P..


You could see a steam dragon (heavy contam, catching breath).

Vanquished Creatures
  Pikel (D:6)
  Jeremiah (D:7)
  Grinder (D:3)
  A wyvern (D:7)
  3 black bears
  An ice beast (D:7)
  3 sky beasts
  An ogre (D:6)
  A lemure (D:6)
  2 phantoms
  4 bullfrogs
  A scorpion (D:5)
  A wight (D:6)
  A hound (D:7)
  3 jellies
  A gnoll bouda (D:7)
  3 orc priests
  A sleepcap (D:5)
  2 iguanas
  6 orc wizards
  11 adders
  9 gnolls
  3 white imps
  2 ufetubi (D:5)
  2 dart slugs (D:1)
  A ribbon worm (D:2)
  26 orcs
  4 endoplasms
  3 giant cockroaches
  7 goblins
  5 hobgoblins
  16 jackals
  7 kobolds
  3 quokkas
  5 ball pythons
  7 bats
  4 frilled lizards
  5 rats
158 creatures vanquished.

Notes
Turn   | Place    | Note
-------+----------+-------------------------------------------
     0 | D:1      | TacoSundae the Vine Stalker Shapeshifter began the quest
                  | for the Orb.
     0 | D:1      | Reached XP level 1. HP: 9/9 MP: 2/2
    58 | D:1      | You fall into a shaft and drop 1 floor!
   112 | D:1      | Reached XP level 2. HP: 9/14 MP: 1/3
   454 | D:1      | Reached XP level 3. HP: 17/17 MP: 4/4
  1145 | D:2      | Reached skill level 4 in Unarmed Combat
  1145 | D:2      | Reached XP level 4. HP: 21/21 MP: 3/5
  1180 | D:2      | Found Ziho's Magic Scroll Boutique.
  1194 | D:2      | Bought a scroll of identify for 22 gold pieces
  1194 | D:2      | Bought a scroll of identify for 22 gold pieces
  1770 | D:3      | Found a faded altar of an unknown god.
  1812 | D:3      | Reached XP level 5. HP: 25/25 MP: 6/6
  1944 | D:3      | Noticed Grinder
  1953 | D:3      | Killed Grinder
  1954 | D:3      | Reached skill level 5 in Unarmed Combat
  1954 | D:3      | Reached skill level 5 in Shapeshifting
  1954 | D:3      | Reached XP level 6. HP: 22/29 MP: 7/7
  2516 | D:4      | Reached XP level 7. HP: 29/32 MP: 6/8
  2680 | D:4      | Found a staircase to the Ecumenical Temple.
  2689 | Temple   | Entered the Ecumenical Temple
  3025 | D:5      | Entered Level 5 of the Dungeon
  3239 | D:5      | Reached skill level 6 in Unarmed Combat
  3472 | D:5      | Gained mutation: You have razor-sharp teeth. [Vine Stalker
                  | growth]
  3472 | D:5      | Reached XP level 8. HP: 37/37 MP: 9/9
  3475 | D:5      | Found a shimmering blue altar of Sif Muna.
  3995 | D:6      | Found a bloodstained altar of Trog.
  3997 | D:6      | Found a burning altar of Makhleb.
  4041 | D:6      | Became a worshipper of Makhleb the Destroyer
  4291 | D:6      | Reached skill level 1 in Fighting
  4424 | D:6      | Reached skill level 7 in Unarmed Combat
  4530 | D:6      | Noticed Pikel
  4539 | D:6      | Killed Pikel
  4540 | D:6      | Reached XP level 9. HP: 36/43 MP: 8/10
  4571 | D:6      | Reached skill level 8 in Unarmed Combat
  4602 | D:6      | Reached * piety under Makhleb
  5097 | D:7      | Noticed Jeremiah
  5120 | D:7      | Killed Jeremiah
  5216 | D:7      | Reached skill level 9 in Unarmed Combat
  5425 | D:8      | Found a staircase to the Lair.
  5430 | D:8      | Killed from afar by a steam dragon

Illustrated notes

Levels and vault maps discovered:
D:1:      scummos_arrival_gate, layout_basic, minivault_4,
          minmay_misc_feat_nine_boxes
D:2:      layout_loops_cross, serial_shops,
          nicolae_shop_competitors_out_of_business, grunt_decor_arrowhead,
          minmay_tromino_i2
D:3:      layout_loops_ring, dreamdust_ecumenical_altar_statues,
          minmay_quadrilaterals, uniq_grinder
D:4:      layout_rooms, minmay_temple_entry_waves
D:5:      layout_cave_pods, kennysheep_little_box,
          hangedman_abyss_or_decor_jellyfish_corner
D:6:      layout_loops_ring, mainiacjoe_overflow_catwalk_spiral,
          minmay_diced_spiral, uniq_pikel
D:7:      layout_cave_pools, minmay_misc_feat_diagonals, serial_bayou_pond_d,
          uniq_jeremiah
D:8:      layout_rooms, dpeg_oklobed_lair, kennysheep_small_square
Temple:   minmay_freezing_vapour_temple

Skill      XL: |  1  2  3  4  5  6  7  8  9 |
---------------+----------------------------+-----
Unarmed Combat | 4 5 6 7 9 |  9.2
Shapeshifting  | 4 5 6 7 8 |  8.1
Fighting       | 2 4 |  4.0
Dodging        | 2 3 |  3.9

Action                     |  1- 3 |  4- 6 |  7- 9 || total
---------------------------+-------+-------+-------++-------
  Melee: Unarmed           |    72 |   113 |   245 ||   430
         Bite              |    13 |    29 |    80 ||   122
         Punch             |     2 |     6 |     2 ||    10
Ability: Begin Untransform |       |     1 |       ||     1
    Use: Scroll            |       |    10 |     6 ||    16
   Stab: Sleeping          |       |     2 |       ||     2
 Armour: Animal skin       |     7 |       |       ||     7
         Leather armour    |    44 |    42 |    45 ||   131
         Skin              |       |       |    60 ||    60
  Dodge: Dodged            |    43 |    45 |   131 ||   219
   Form: Beast             |       |     1 |       ||     1
         Flux              |       |       |     1 ||     1
